Seattle Thunderbirds vs Rimouski Oceanic

Created - 5 novembre 2019 at 20:39

Goals
1 2 3 OT1 T
Seattle Thunderbirds 0 2 3 1 6
Rimouski Oceanic 1 1 3 0 5
Shots
1 2 3 OT1 T
Seattle Thunderbirds 13 13 8 2 36
Rimouski Oceanic 3 6 17 1 27

1st period

1. Rimouski Oceanic , Ryan Dmowski 3 (Riley Barber 7) at 4:49 (PP)

Penalties :
Logan Stanley (THU) for Hooking (Minor) at 4:48

2nd period

2. Rimouski Oceanic , Riley Barber 6 (Felix Girard 9) at 3:12
3. Seattle Thunderbirds , Sam Carrick 10 (Matt Tennyson 2, Steve Bernier 15) at 3:20
4. Seattle Thunderbirds , Logan Brown 5 (Emil Pettersson 3, Brett Sutter 1) at 10:43

Penalties :
Stefan Noesen (THU) for Boarding (Minor) at 7:57, Riley Barber (OCE) for Fighting (Major) at 10:50, Matt Tennyson (THU) for Fighting (Major) at 10:50, Matt Tennyson (THU) for instigated a fight (Minor) at 10:50, Matt Tennyson (THU) for instigated a fight (10 Minutes Misconduct) at 10:50

3rd period

5. Seattle Thunderbirds , Matt Read 7 (Stefan Noesen 9, T.J. Tynan 20) at 3:41
6. Seattle Thunderbirds , Emil Pettersson 1 (Brett Sutter 2, Yannick Weber 5) at 4:14
7. Rimouski Oceanic , Connor Carrick 7 (Deven Sideroff 7) at 5:09 (PP)
8. Rimouski Oceanic , Grayson Downing 1 (Deven Sideroff 8, Steven Fogarty 4) at 14:12
9. Seattle Thunderbirds , Brooks Macek 2 (Peter Cehlarik 3, Logan Brown 5) at 15:44
10. Rimouski Oceanic , Taylor Fedun 2 (Ryan Dmowski 3, Grayson Downing 1) at 19:03

Penalties :
Sam Carrick (THU) for Roughing (Minor) at 4:39, Andreas Englund (OCE) for High sticking (Minor) at 19:47

Overtime #1

11. Seattle Thunderbirds , Peter Cehlarik 5 (Logan Brown 6, Matt Irwin 3) at 3:53

Penalties :
No Penalty

Goalie Stats

John Muse (THU), 22 saves from 27 shots - (0,815), W, 2-2-1, 63:53 minutes
Filip Gustavsson (OCE), 30 saves from 36 shots - (0,833), OTL, 0-1-1, 63:51 minutes

Players Stats for Seattle Thunderbirds

Player Name              G  A  P  +/- PIM S  H  SB GA TA FO     MP     PP MP  PK MP  
------------------------------------------------------------------------------------
Andrew Campbell          0  0  0   0  0   0  1  0  0  0  0/0    10:44   0:00   0:00 
Brett Sutter             0  2  2   0  0   2  1  0  0  0  0/0    11:19   0:00   1:07 
Brooks Macek             1  0  1   1  0   3  2  1  1  0  1/2    17:00   0:00   0:00 
Emil Pettersson          1  1  2   1  0   2  0  0  0  0  1/4     7:49   0:00   0:00 
Jacob Larsson            0  0  0  -1  0   1  0  0  0  2  0/0    24:39   0:12   2:46 
Jacob MacDonald          0  0  0  -1  0   1  2  4  1  0  0/0    24:39   0:12   2:46 
Joey LaLeggia            0  0  0   0  0   0  1  0  0  0  0/0    10:44   0:00   0:00 
Josh Leivo               0  0  0   0  0   4  1  2  1  0  1/3    12:51   0:00   1:55 
Logan Brown              1  2  3   3  0   4  1  1  0  0  7/9    18:09   0:12   0:00 
Logan Stanley            0  0  0  -1  2   1  1  0  0  0  0/0    10:39   0:00   0:06 
Matt Irwin               0  1  1   0  0   0  0  0  0  0  0/0    11:37   0:00   0:50 
Matt Read                1  0  1   1  0   3  0  1  1  0  1/2    16:16   0:00   0:00 
Matt Tennyson            0  1  1   2  17  0  0  0  0  0  0/0    13:27   0:00   0:47 
Peter Cehlarik           1  1  2   1  0   2  3  0  0  0  0/0    15:52   0:00   1:31 
Rob O'Gara               0  0  0   3  0   0  0  0  0  0  0/0     3:32   0:00   0:00 
Sam Carrick              1  0  1   0  2   3  2  0  1  1  8/16   19:43   0:12   1:09 
Stefan Noesen            0  1  1   1  2   3  1  0  1  0  1/1    18:52   0:00   0:37 
Steve Bernier            0  1  1   0  0   2  2  0  0  0  4/5    23:05   0:12   2:37 
T.J. Tynan               0  1  1   1  0   5  4  0  0  0  4/9    16:32   0:00   0:02 
Yannick Weber            0  1  1   3  0   0  3  1  1  0  0/0    23:30   0:00   1:43 

Players Stats for Rimouski Oceanic

Player Name              G  A  P  +/- PIM S  H  SB GA TA FO     MP     PP MP  PK MP  
------------------------------------------------------------------------------------
Andreas Englund          0  0  0  -1  2   0  3  1  0  0  0/0    19:26   2:05   0:00 
Ben Sexton               0  0  0   0  0   1  2  1  2  2  4/6    22:57   1:36   0:25 
Connor Carrick           1  0  1  -1  0   5  2  1  0  0  0/0    26:52   2:24   1:24 
Connor Clifton           0  0  0  -1  0   0  1  1  0  2  0/0    19:53   2:05   0:35 
Dan Renouf               0  0  0  -1  0   0  0  0  0  0  0/0    10:52   0:00   0:35 
Deven Sideroff           0  2  2  -3  0   1  3  0  0  0  1/1    20:50   2:26   0:00 
Felix Girard             0  1  1   0  0   1  0  0  0  0  3/5    22:53   1:36   0:00 
Grayson Downing          1  1  2   2  0   2  1  0  0  0  1/2    13:43   0:28   0:00 
Jake Chelios             0  0  0   0  0   0  1  0  0  0  0/0     6:51   0:00   0:00 
Kyle Burroughs           0  0  0   0  0   0  0  0  0  0  0/0     6:51   0:00   0:00 
Kyle Capobianco          0  0  0  -1  0   0  0  1  0  1  0/0    11:45   0:21   0:00 
Reid Duke                0  0  0   0  0   1  2  0  0  0  0/1    13:11   0:00   0:00 
Riley Barber             1  1  2  -4  5   3  1  2  0  1  9/23   23:53   1:36   1:20 
Ryan Dmowski             1  1  2  -3  0   4  2  0  0  0  0/0    22:02   2:26   0:00 
Ryan MacInnis            0  0  0  -1  0   1  0  1  0  0  3/5    22:05   1:36   0:00 
Steven Fogarty           0  1  1   1  0   1  2  0  0  0  2/6    15:14   1:01   0:00 
Taylor Fedun             1  0  1  -1  0   7  1  3  1  1  0/0    26:46   2:24   1:24 
Tim Clifton              0  0  0   0  0   0  1  0  0  0  0/2     7:21   0:21   0:26 
William Borgen           0  0  0   0  0   0  0  0  0  0  0/0     0:06   0:00   0:00 

3 Stars

1 - Logan Brown (THU)
2 - Peter Cehlarik (THU)
3 - Grayson Downing (OCE)

Power Play

Seattle Thunderbirds - 0 on 1 Attempt(s) - 0,00%
Rimouski Oceanic - 2 on 4 Attempt(s) - 50,00%

Penalty Kill

Seattle Thunderbirds - 2 on 4 Attempt(s) - 50,00% - Score 0 goal in Penalty Kill
Rimouski Oceanic - 1 on 1 Attempt(s) - 100,00% - Score 0 goal in Penalty Kill

Team Stat

Seattle Thunderbirds - Hits : 25 - Faceoff Wins : 28 - Blocked Shots : 10 - Penalty Minutes : 23
Rimouski Oceanic - Hits : 22 - Faceoff Wins : 23 - Blocked Shots : 11 - Penalty Minutes : 7

Official

Referees : Francois StLaurent and Dan O'Halloran
Linesman : Darren Gibbs and Brian Mach

Game Notes

Riley Barber and Matt Tennyson fight to a draw at 10:50 of 2nd period
Josh Leivo is injured at 18:46 of 2nd period (Broken Right Foot Toe)

Finance

Level 1 -- Attendance: 1494 (74,70%) -- Ticket Income 52 290 $
Level 2 -- Attendance: 737 (73,70%) -- Ticket Income 11 055 $
Total Attendance: 2231 (74,37%)
Total Ticket Income: 63 345 $
Other Income: 31 039 $
Total Income: 94 384 $

Seattle Thunderbirds

5 vs 5 Forward 
   Center                   Left Wing                Right Wing               Time % Phy DF OF 
 1 Sam Carrick              Josh Leivo               Steve Bernier            35     1   2  2  
 2 T.J. Tynan               Stefan Noesen            Matt Read                30     1   2  2  
 3 Logan Brown              Peter Cehlarik           Brooks Macek             25     1   2  2  
 4 Emil Pettersson          Brett Sutter             Yannick Weber            10     1   2  2  

5 vs 5 Defense 
   Defense                  Defense                                           Time % Phy DF OF 
 1 Jacob Larsson            Jacob MacDonald                                   40     1   2  2  
 2 Yannick Weber            Matt Tennyson                                     30     1   2  2  
 3 Matt Irwin               Logan Stanley                                     20     1   2  2  
 4 Joey LaLeggia            Andrew Campbell                                   10     1   2  2  

PowerPlay Forward 
   Center                   Left Wing                Right Wing               Time % Phy DF OF 
 1 Sam Carrick              Josh Leivo               Steve Bernier            60     1   2  2  
 2 T.J. Tynan               Stefan Noesen            Matt Read                40     1   2  2  

PowerPlay Defense
   Defense                  Defense                                           Time % Phy DF OF 
 1 Jacob Larsson            Jacob MacDonald                                   60     1   2  2  
 2 Yannick Weber            Matt Tennyson                                     40     1   2  2  

Penalty Kill 4 Players Forward 
   Center                   Wing                     Time % Phy DF OF 
 1 Steve Bernier            Josh Leivo               60     1   2  2  
 2 Sam Carrick              Stefan Noesen            40     1   2  2  

Penalty Kill 4 Players Defense
   Defense                  Defense                  Time % Phy DF OF 
 1 Jacob Larsson            Jacob MacDonald          60     1   2  2  
 2 Yannick Weber            Matt Tennyson            40     1   2  2  

Penalty Kill - 3 Players Forward 
   Forward                                           Time % Phy DF OF 
 1 Steve Bernier                                     60     1   2  2  
 2 Josh Leivo                                        40     1   2  2  

Penalty Kill - 3 Players Defense
   Defense                  Defense                  Time % Phy DF OF 
 1 Jacob Larsson            Jacob MacDonald          60     1   2  2  
 2 Yannick Weber            Matt Tennyson            40     1   2  2  

4 vs 4 Forward 
   Center                   Wing                     Time % Phy DF OF 
 1 Steve Bernier            Josh Leivo               60     1   2  2  
 2 Sam Carrick              Stefan Noesen            40     1   2  2  

4 vs 4 Defense
   Defense                  Defense                  Time % Phy DF OF 
 1 Jacob Larsson            Jacob MacDonald          60     1   2  2  
 2 Yannick Weber            Matt Tennyson            40     1   2  2  

Last Minutes Offensive
   Center                   Left Wing                Right Wing               Defense                  Defense                  
   Sam Carrick              Josh Leivo               Steve Bernier            Jacob Larsson            Jacob MacDonald          

Last Minutes Defensive
   Center                   Left Wing                Right Wing               Defense                  Defense                  
   Sam Carrick              Josh Leivo               Steve Bernier            Jacob Larsson            Jacob MacDonald          

Goaltenders
Starting : John Muse                
Backup : Mitch Gillam             

Extra Forwards
Normal : Logan Brown, Brooks Macek, Peter Cehlarik - PP : Logan Brown, Brooks Macek - PK : Peter Cehlarik
Extra Defensemen
Normal : Rob O'Gara, Matt Irwin, Logan Stanley - PP : Rob O'Gara - PK : Matt Irwin, Logan Stanley
Penalty Shots
Steve Bernier, Josh Leivo, Sam Carrick, Yannick Weber, Stefan Noesen

Scratches
Vincent LoVerde (Healthy), Rourke Chartier (Healthy), Landon Ferraro (Healthy), Hampus Gustafsson (Healthy), Zane McIntyre (Healthy)
Jake Paterson (Healthy)

Rimouski Oceanic

5 vs 5 Forward 
   Center                   Left Wing                Right Wing               Time % Phy DF OF 
 1 Riley Barber             Ryan Dmowski             Deven Sideroff           40     1   2  2  
 2 Ben Sexton               Felix Girard             Ryan MacInnis            30     1   2  2  
 3 Felix Girard             Riley Barber             Ben Sexton               20     1   2  2  
 4 Ryan MacInnis            Ryan Dmowski             Reid Duke                10     1   2  2  

5 vs 5 Defense 
   Defense                  Defense                                           Time % Phy DF OF 
 1 Connor Carrick           Taylor Fedun                                      40     1   2  2  
 2 Connor Clifton           Andreas Englund                                   30     1   2  2  
 3 Dan Renouf               Kyle Capobianco                                   20     1   2  2  
 4 Jake Chelios             Kyle Burroughs                                    10     1   2  2  

PowerPlay Forward 
   Center                   Left Wing                Right Wing               Time % Phy DF OF 
 1 Riley Barber             Ryan Dmowski             Deven Sideroff           60     1   2  2  
 2 Ben Sexton               Felix Girard             Ryan MacInnis            40     1   2  2  

PowerPlay Defense
   Defense                  Defense                                           Time % Phy DF OF 
 1 Connor Carrick           Taylor Fedun                                      60     1   2  2  
 2 Connor Clifton           Andreas Englund                                   40     1   2  2  

Penalty Kill 4 Players Forward 
   Center                   Wing                     Time % Phy DF OF 
 1 Riley Barber             Ben Sexton               60     1   2  2  
 2 Felix Girard             Ryan MacInnis            40     1   2  2  

Penalty Kill 4 Players Defense
   Defense                  Defense                  Time % Phy DF OF 
 1 Connor Carrick           Taylor Fedun             60     1   2  2  
 2 Connor Clifton           Andreas Englund          40     1   2  2  

Penalty Kill - 3 Players Forward 
   Forward                                           Time % Phy DF OF 
 1 Riley Barber                                      60     1   2  2  
 2 Ben Sexton                                        40     1   2  2  

Penalty Kill - 3 Players Defense
   Defense                  Defense                  Time % Phy DF OF 
 1 Connor Carrick           Taylor Fedun             60     1   2  2  
 2 Connor Clifton           Andreas Englund          40     1   2  2  

4 vs 4 Forward 
   Center                   Wing                     Time % Phy DF OF 
 1 Riley Barber             Ben Sexton               60     1   2  2  
 2 Felix Girard             Ryan MacInnis            40     1   2  2  

4 vs 4 Defense
   Defense                  Defense                  Time % Phy DF OF 
 1 Connor Carrick           Taylor Fedun             60     1   2  2  
 2 Connor Clifton           Andreas Englund          40     1   2  2  

Last Minutes Offensive
   Center                   Left Wing                Right Wing               Defense                  Defense                  
   Riley Barber             Ryan Dmowski             Deven Sideroff           Connor Carrick           Taylor Fedun             

Last Minutes Defensive
   Center                   Left Wing                Right Wing               Defense                  Defense                  
   Riley Barber             Ryan Dmowski             Deven Sideroff           Connor Carrick           Taylor Fedun             

Goaltenders
Starting : Filip Gustavsson         
Backup : Chris Nell               

Extra Forwards
Normal : Steven Fogarty, Grayson Downing, Tim Clifton - PP : Steven Fogarty, Grayson Downing - PK : Tim Clifton
Extra Defensemen
Normal : William Borgen, Dan Renouf, Kyle Capobianco - PP : William Borgen - PK : Dan Renouf, Kyle Capobianco
Penalty Shots
Riley Barber, Ben Sexton, Felix Girard, Ryan MacInnis, Ryan Dmowski

Scratches
Nicholas Baptiste (Healthy), Nick Paul (Healthy), Marco Roy (Healthy), Jeremy Gregoire (Healthy), Mark Alt (Healthy)
Mark McNeill (Healthy), Tyler Sikura (Healthy), Tyler Parsons (Healthy)

% Time on Ice - Seattle Thunderbirds

Lines # - Real PCT - Wanted PCT - Time Play
Normal Forward
1 - 34% - 35% - 18:38
2 - 30% - 30% - 16:28
3 - 22% - 25% - 12:06
4 - 14% - 10% - 7:49
Normal Defense
1 - 36% - 40% - 19:52
2 - 26% - 30% - 14:13
3 - 19% - 20% - 10:12
4 - 20% - 10% - 10:44
PP Forward
1 - 100% - 60% - 0:12
2 - 0% - 40% - 0:00
PP Defense
1 - 100% - 60% - 0:12
2 - 0% - 40% - 0:00
PK Forward
1 - 74% - 60% - 3:20
2 - 26% - 40% - 1:09
PK Defense
1 - 62% - 60% - 2:46
2 - 38% - 40% - 1:43
PK3 Forward
1 - 0% - 60%
2 - 0% - 40%
PK3 Defense
1 - 0% - 60%
2 - 0% - 40%
44 Forward
1 - 100% - 60% - 3:53
2 - 0% - 40% - 0:00
44 Defense
1 - 60% - 60% - 2:20
2 - 40% - 40% - 1:33
Last Minute Offensive  - 0:00
Last Minute Defensive  - 0:18
Total
Forward - 63:53
Defense - 63:53

% Time on Ice - Rimouski Oceanic

Lines # - Real PCT - Wanted PCT - Time Play
Normal Forward
1 - 33% - 40% - 18:20
2 - 29% - 30% - 15:43
3 - 14% - 20% - 7:46
4 - 24% - 10% - 13:11
Normal Defense
1 - 40% - 40% - 22:05
2 - 29% - 30% - 16:02
3 - 19% - 20% - 10:17
4 - 12% - 10% - 6:36
PP Forward
1 - 64% - 60% - 2:53
2 - 36% - 40% - 1:36
PP Defense
1 - 54% - 60% - 2:24
2 - 46% - 40% - 2:05
PK Forward
1 - 100% - 60% - 0:12
2 - 0% - 40% - 0:00
PK Defense
1 - 100% - 60% - 0:12
2 - 0% - 40% - 0:00
PK3 Forward
1 - 88% - 60% - 1:34
2 - 12% - 40% - 0:13
PK3 Defense
1 - 67% - 60% - 1:12
2 - 33% - 40% - 0:35
44 Forward
1 - 75% - 60% - 1:34
2 - 25% - 40% - 0:32
44 Defense
1 - 44% - 60% - 0:55
2 - 56% - 40% - 1:11
Last Minute Offensive  - 0:19
Last Minute Defensive  - 0:00
Total
Forward - 63:53
Defense - 63:53

Play-by-Play

1st period


0:01 of 1st period - Sam Carrick wins face-off versus Riley Barber in neutral zone.
0:51 of 1st period - Wrist shot by Brooks Macek.
0:51 of 1st period - Stopped by Filip Gustavsson without a rebound.
0:52 of 1st period - Logan Brown wins face-off versus Felix Girard in Rimouski Oceanic zone.
0:55 of 1st period - Snap shot by Logan Brown.
0:55 of 1st period - Shot Blocked by Kyle Capobianco.
1:55 of 1st period - Slapshot by Peter Cehlarik.
1:55 of 1st period - Shot Blocked by Connor Clifton.
3:14 of 1st period - Wrist shot by Josh Leivo.
3:14 of 1st period - Stopped by Filip Gustavsson without a rebound.
3:15 of 1st period - Ben Sexton wins face-off versus Sam Carrick in Rimouski Oceanic zone.
3:15 of 1st period - Ben Sexton is hit by Sam Carrick.
3:25 of 1st period - Snap shot by Josh Leivo.
3:25 of 1st period - Stopped by Filip Gustavsson with a rebound.
3:27 of 1st period - Wrist shot by Steve Bernier.
3:27 of 1st period - Shot Misses the Net.
3:29 of 1st period - Wrist shot by Steve Bernier.
3:29 of 1st period - Stopped by Filip Gustavsson with a rebound.
3:39 of 1st period - Joey LaLeggia is hit by Ryan Dmowski and loses puck.
4:02 of 1st period - Deven Sideroff is hit by Jacob MacDonald and loses puck.
4:17 of 1st period - Snap shot by Sam Carrick.
4:17 of 1st period - Deflect By Josh Leivo.
4:17 of 1st period - Stopped by Filip Gustavsson with a rebound.
4:48 of 1st period - Minor Penalty to Logan Stanley for Hooking.
4:49 of 1st period - Riley Barber wins face-off versus Josh Leivo in Seattle Thunderbirds zone.
4:49 of 1st period - Wrist shot by Ryan Dmowski.
4:49 of 1st period - Goal by Ryan Dmowski - Seattle Thunderbirds : 0 - Rimouski Oceanic : 1.
4:50 of 1st period - Ben Sexton wins face-off versus T.J. Tynan in neutral zone.
4:53 of 1st period - Stefan Noesen is hit by Taylor Fedun and loses puck.
5:06 of 1st period - Wrist shot by Ryan MacInnis.
5:06 of 1st period - Shot Misses the Net.
5:25 of 1st period - Slapshot by Josh Leivo.
5:25 of 1st period - Shot Misses the Net.
5:27 of 1st period - Slapshot by Sam Carrick.
5:27 of 1st period - Shot Misses the Net.
5:29 of 1st period - Snap shot by Sam Carrick.
5:29 of 1st period - Shot Misses the Net.
6:33 of 1st period - Snap shot by Sam Carrick.
6:33 of 1st period - Stopped by Filip Gustavsson with a rebound.
6:45 of 1st period - Steven Fogarty is hit by Brooks Macek and loses puck.
7:10 of 1st period - Ryan Dmowski is hit by Andrew Campbell and loses puck.
8:33 of 1st period - Off-side.
8:34 of 1st period - Sam Carrick wins face-off versus Steven Fogarty in neutral zone.
8:38 of 1st period - Icing by Dan Renouf.
8:39 of 1st period - Sam Carrick wins face-off versus Steven Fogarty in Rimouski Oceanic zone.
8:44 of 1st period - Wrist shot by Sam Carrick.
8:44 of 1st period - Stopped by Filip Gustavsson with a rebound.
8:50 of 1st period - Wrist shot by Deven Sideroff.
8:50 of 1st period - Shot Misses the Net.
8:52 of 1st period - Slapshot by Dan Renouf.
8:52 of 1st period - Shot Misses the Net.
9:31 of 1st period - Slapshot by Riley Barber.
9:31 of 1st period - Deflect By Logan Brown.
9:31 of 1st period - Shot Misses the Net.
9:31 of 1st period - Puck is out of play.
9:32 of 1st period - Sam Carrick wins face-off versus Riley Barber in Seattle Thunderbirds zone.
9:32 of 1st period - Sam Carrick is hit by Riley Barber.
9:40 of 1st period - Wrist shot by Riley Barber.
9:40 of 1st period - Stopped by John Muse with a rebound.
9:42 of 1st period - Wrist shot by Ryan Dmowski.
9:42 of 1st period - Shot Blocked by Jacob MacDonald.
9:44 of 1st period - Wrist shot by Deven Sideroff.
9:44 of 1st period - Shot Misses the Net.
9:57 of 1st period - Snap shot by T.J. Tynan.
9:57 of 1st period - Stopped by Filip Gustavsson with a rebound.
9:59 of 1st period - Snap shot by Matt Read.
9:59 of 1st period - Shot Misses the Net.
10:01 of 1st period - Snap shot by Matt Read.
10:01 of 1st period - Shot Blocked by Taylor Fedun.
10:03 of 1st period - Wrist shot by Matt Read.
10:03 of 1st period - Shot Misses the Net.
10:05 of 1st period - Slapshot by Logan Stanley.
10:05 of 1st period - Stopped by Filip Gustavsson with a rebound.
10:07 of 1st period - Slapshot by Stefan Noesen.
10:07 of 1st period - Shot Blocked by Taylor Fedun.
10:19 of 1st period - Logan Stanley is hit by Deven Sideroff and loses puck.
10:42 of 1st period - Snap shot by Josh Leivo.
10:42 of 1st period - Shot Misses the Net.
12:11 of 1st period - Snap shot by Matt Read.
12:11 of 1st period - Deflect By T.J. Tynan.
12:11 of 1st period - Stopped by Filip Gustavsson without a rebound.
12:12 of 1st period - Ryan MacInnis wins face-off versus T.J. Tynan in Rimouski Oceanic zone.
12:43 of 1st period - Backhand shot by Stefan Noesen.
12:43 of 1st period - Stopped by Filip Gustavsson with a rebound.
12:51 of 1st period - Jacob MacDonald is hit by Deven Sideroff and loses puck.
13:14 of 1st period - Snap shot by Reid Duke.
13:14 of 1st period - Stopped by John Muse with a rebound.
13:52 of 1st period - Reid Duke is hit by Logan Stanley and loses puck.
14:36 of 1st period - Snap shot by T.J. Tynan.
14:36 of 1st period - Shot Misses the Net.
14:42 of 1st period - Slapshot by Matt Read.
14:42 of 1st period - Stopped by Filip Gustavsson without a rebound.
14:43 of 1st period - Logan Brown wins face-off versus Riley Barber in Rimouski Oceanic zone.
14:46 of 1st period - Snap shot by Peter Cehlarik.
14:46 of 1st period - Stopped by Filip Gustavsson with a rebound.
15:10 of 1st period - Josh Leivo is hit by Ben Sexton.
15:40 of 1st period - Wrist shot by Peter Cehlarik.
15:40 of 1st period - Shot Misses the Net.
18:53 of 1st period - Connor Clifton is hit by Joey LaLeggia and loses puck.
19:08 of 1st period - Yannick Weber is hit by Tim Clifton.
Goals for this period are 0 for Seattle Thunderbirds vs 1 for Rimouski Oceanic.
Shots for this period are 13 for Seattle Thunderbirds vs 3 for Rimouski Oceanic.

2nd period


0:01 of 2nd period - Riley Barber wins face-off versus Sam Carrick in neutral zone.
1:15 of 2nd period - Backhand shot by Peter Cehlarik.
1:15 of 2nd period - Shot Blocked by Andreas Englund.
1:17 of 2nd period - Snap shot by Logan Brown.
1:17 of 2nd period - Shot Hit the Post.
1:19 of 2nd period - Backhand shot by Jacob MacDonald.
1:19 of 2nd period - Deflect By Brooks Macek.
1:19 of 2nd period - Shot Misses the Net.
1:19 of 2nd period - Puck is out of play.
1:20 of 2nd period - Riley Barber wins face-off versus Sam Carrick in Rimouski Oceanic zone.
1:52 of 2nd period - Deven Sideroff is hit by Brooks Macek and loses puck.
2:05 of 2nd period - Slapshot by Riley Barber.
2:05 of 2nd period - Shot Misses the Net.
2:23 of 2nd period - Connor Carrick is hit by Josh Leivo and loses puck.
2:38 of 2nd period - Snap shot by T.J. Tynan.
2:38 of 2nd period - Stopped by Filip Gustavsson with a rebound.
2:40 of 2nd period - Snap shot by Matt Read.
2:40 of 2nd period - Shot Misses the Net.
2:50 of 2nd period - Logan Brown is hit by Deven Sideroff and loses puck.
2:58 of 2nd period - Icing by Jacob Larsson.
2:59 of 2nd period - Ryan MacInnis wins face-off versus Emil Pettersson in Seattle Thunderbirds zone.
3:06 of 2nd period - Wrist shot by Emil Pettersson.
3:06 of 2nd period - Stopped by Filip Gustavsson without a rebound.
3:07 of 2nd period - Felix Girard wins face-off versus Josh Leivo in Rimouski Oceanic zone.
3:12 of 2nd period - Snap shot by Riley Barber.
3:12 of 2nd period - Goal by Riley Barber - Seattle Thunderbirds : 0 - Rimouski Oceanic : 2.
3:13 of 2nd period - Sam Carrick wins face-off versus Riley Barber in neutral zone.
3:16 of 2nd period - Slapshot by Sam Carrick.
3:16 of 2nd period - Shot Misses the Net.
3:18 of 2nd period - Slapshot by Matt Tennyson.
3:18 of 2nd period - Shot Blocked by Riley Barber.
3:20 of 2nd period - Snap shot by Sam Carrick.
3:20 of 2nd period - Goal by Sam Carrick - Seattle Thunderbirds : 1 - Rimouski Oceanic : 2.
3:21 of 2nd period - Josh Leivo wins face-off versus Ben Sexton in neutral zone.
4:00 of 2nd period - Slapshot by Ryan MacInnis.
4:00 of 2nd period - Stopped by John Muse with a rebound.
4:14 of 2nd period - Jacob Larsson is hit by Andreas Englund and loses puck.
4:41 of 2nd period - Steven Fogarty is hit by Sam Carrick and loses puck.
5:12 of 2nd period - Wrist shot by Logan Brown.
5:12 of 2nd period - Stopped by Filip Gustavsson with a rebound.
5:14 of 2nd period - Wrist shot by Brooks Macek.
5:14 of 2nd period - Shot Blocked by Taylor Fedun.
5:34 of 2nd period - Deven Sideroff is hit by Stefan Noesen and loses puck.
6:27 of 2nd period - Icing by Felix Girard.
6:28 of 2nd period - Logan Brown wins face-off versus Grayson Downing in Rimouski Oceanic zone.
6:51 of 2nd period - Snap shot by Riley Barber.
6:51 of 2nd period - Deflect By Ryan Dmowski.
6:51 of 2nd period - Shot Blocked by Jacob MacDonald.
6:51 of 2nd period - Puck is out of play.
6:52 of 2nd period - Riley Barber wins face-off versus Sam Carrick in Seattle Thunderbirds zone.
6:55 of 2nd period - Wrist shot by Riley Barber.
6:55 of 2nd period - Shot Misses the Net.
6:57 of 2nd period - Slapshot by Riley Barber.
6:57 of 2nd period - Shot Blocked by Josh Leivo.
6:59 of 2nd period - Slapshot by Taylor Fedun.
6:59 of 2nd period - Stopped by John Muse with a rebound.
7:01 of 2nd period - Slapshot by Taylor Fedun.
7:01 of 2nd period - Stopped by John Muse with a rebound.
7:03 of 2nd period - Wrist shot by Deven Sideroff.
7:03 of 2nd period - Stopped by John Muse with a rebound.
7:05 of 2nd period - Slapshot by Taylor Fedun.
7:05 of 2nd period - Stopped by John Muse with a rebound.
7:07 of 2nd period - Snap shot by Deven Sideroff.
7:07 of 2nd period - Shot Blocked by Josh Leivo.
7:39 of 2nd period - Snap shot by Brooks Macek.
7:39 of 2nd period - Deflect By Logan Brown.
7:39 of 2nd period - Shot Misses the Net.
7:39 of 2nd period - Puck is out of play.
7:40 of 2nd period - Logan Brown wins face-off versus Steven Fogarty in Rimouski Oceanic zone.
7:43 of 2nd period - Snap shot by Brooks Macek.
7:43 of 2nd period - Stopped by Filip Gustavsson with a rebound.
7:45 of 2nd period - Wrist shot by Logan Brown.
7:45 of 2nd period - Stopped by Filip Gustavsson without a rebound.
7:46 of 2nd period - Ryan MacInnis wins face-off versus T.J. Tynan in Rimouski Oceanic zone.
7:46 of 2nd period - Ryan MacInnis is hit by T.J. Tynan.
7:57 of 2nd period - Minor Penalty to Stefan Noesen for Boarding.
7:58 of 2nd period - Steve Bernier wins face-off versus Riley Barber in Seattle Thunderbirds zone.
9:07 of 2nd period - Felix Girard is hit by Peter Cehlarik and loses puck.
9:57 of 2nd period - Penalty to Stefan Noesen is over, Stefan Noesen is back on ice.
10:33 of 2nd period - Icing by Dan Renouf.
10:34 of 2nd period - Steven Fogarty wins face-off versus Emil Pettersson in Rimouski Oceanic zone.
10:41 of 2nd period - Snap shot by Logan Brown.
10:41 of 2nd period - Stopped by Filip Gustavsson with a rebound.
10:43 of 2nd period - Slapshot by Emil Pettersson.
10:43 of 2nd period - Deflect By Logan Brown.
10:43 of 2nd period - Goal by Logan Brown - Seattle Thunderbirds : 2 - Rimouski Oceanic : 2.
10:44 of 2nd period - Riley Barber wins face-off versus Sam Carrick in neutral zone.
10:50 of 2nd period - Riley Barber and Matt Tennyson fight to a draw.
10:50 of 2nd period - Penalty to Riley Barber for Fighting.
10:50 of 2nd period - Penalty to Matt Tennyson for Fighting.
10:50 of 2nd period - Penalty to Matt Tennyson for instigated a fight.
10:50 of 2nd period - Penalty to Matt Tennyson for instigated a fight.
10:51 of 2nd period - Steve Bernier wins face-off versus Steven Fogarty in neutral zone.
11:00 of 2nd period - Slapshot by Steve Bernier.
11:00 of 2nd period - Shot Misses the Net.
11:02 of 2nd period - Slapshot by Steve Bernier.
11:02 of 2nd period - Shot Misses the Net.
11:27 of 2nd period - Stefan Noesen is hit by Ben Sexton and loses puck.
12:50 of 2nd period - Penalty to Matt Tennyson is over, Stefan Noesen is send on ice.
13:11 of 2nd period - Snap shot by Stefan Noesen.
13:11 of 2nd period - Deflect By T.J. Tynan.
13:11 of 2nd period - Shot Misses the Net.
13:11 of 2nd period - Puck is out of play.
13:12 of 2nd period - T.J. Tynan wins face-off versus Ryan MacInnis in Rimouski Oceanic zone.
13:13 of 2nd period - Wrist shot by Matt Read.
13:13 of 2nd period - Stopped by Filip Gustavsson with a rebound.
13:51 of 2nd period - Snap shot by Josh Leivo.
13:51 of 2nd period - Stopped by Filip Gustavsson without a rebound.
13:52 of 2nd period - Sam Carrick wins face-off versus Felix Girard in Rimouski Oceanic zone.
14:34 of 2nd period - Snap shot by Brett Sutter.
14:34 of 2nd period - Stopped by Filip Gustavsson with a rebound.
14:36 of 2nd period - Snap shot by Stefan Noesen.
14:36 of 2nd period - Stopped by Filip Gustavsson without a rebound.
14:37 of 2nd period - Emil Pettersson wins face-off versus Ryan MacInnis in Rimouski Oceanic zone.
14:40 of 2nd period - Snap shot by Stefan Noesen.
14:40 of 2nd period - Shot Blocked by Ben Sexton.
14:48 of 2nd period - Connor Carrick is hit by Yannick Weber and loses puck.
15:17 of 2nd period - Steven Fogarty is hit by Yannick Weber and loses puck.
15:36 of 2nd period - Snap shot by T.J. Tynan.
15:36 of 2nd period - Stopped by Filip Gustavsson with a rebound.
16:04 of 2nd period - Slapshot by Ryan MacInnis.
16:04 of 2nd period - Shot Misses the Net.
18:10 of 2nd period - Matt Read is hit by Reid Duke and loses puck.
18:45 of 2nd period - Josh Leivo is hit by Steven Fogarty and loses puck.
18:46 of 2nd period - Josh Leivo from Seattle Thunderbirds is injured at 18:46 of 2nd period (Broken Right Foot Toe).
18:47 of 2nd period - Riley Barber wins face-off versus Sam Carrick in Seattle Thunderbirds zone.
19:13 of 2nd period - Taylor Fedun is hit by T.J. Tynan.
19:43 of 2nd period - Stefan Noesen is hit by Andreas Englund and loses puck.
19:56 of 2nd period - Kyle Capobianco is hit by Jacob MacDonald and loses puck.
Goals for this period are 2 for Seattle Thunderbirds vs 1 for Rimouski Oceanic.
Shots for this period are 13 for Seattle Thunderbirds vs 6 for Rimouski Oceanic.

3rd period


0:01 of 3rd period - Logan Brown wins face-off versus Riley Barber in neutral zone.
0:01 of 3rd period - Logan Brown is hit by Connor Carrick.
0:33 of 3rd period - Slapshot by Connor Carrick.
0:33 of 3rd period - Shot Blocked by Jacob MacDonald.
0:35 of 3rd period - Wrist shot by Felix Girard.
0:35 of 3rd period - Stopped by John Muse with a rebound.
0:37 of 3rd period - Slapshot by Connor Carrick.
0:37 of 3rd period - Deflect By Stefan Noesen.
0:37 of 3rd period - Stopped by John Muse with a rebound.
0:39 of 3rd period - Snap shot by Felix Girard.
0:39 of 3rd period - Shot Blocked by Jacob MacDonald.
1:36 of 3rd period - Kyle Capobianco is hit by T.J. Tynan and loses puck.
1:53 of 3rd period - Slapshot by Steve Bernier.
1:53 of 3rd period - Deflect By Sam Carrick.
1:53 of 3rd period - Shot Misses the Net.
1:53 of 3rd period - Puck is out of play.
1:54 of 3rd period - Sam Carrick wins face-off versus Reid Duke in Rimouski Oceanic zone.
1:57 of 3rd period - Wrist shot by Steve Bernier.
1:57 of 3rd period - Stopped by Filip Gustavsson with a rebound.
2:48 of 3rd period - Taylor Fedun is hit by Steve Bernier and loses puck.
3:17 of 3rd period - Sam Carrick is hit by Reid Duke and loses puck.
3:24 of 3rd period - Snap shot by Grayson Downing.
3:24 of 3rd period - Stopped by John Muse without a rebound.
3:25 of 3rd period - T.J. Tynan wins face-off versus Riley Barber in Seattle Thunderbirds zone.
3:25 of 3rd period - T.J. Tynan is hit by Connor Clifton.
3:31 of 3rd period - Snap shot by Stefan Noesen.
3:31 of 3rd period - Shot Misses the Net.
3:37 of 3rd period - Snap shot by Stefan Noesen.
3:37 of 3rd period - Stopped by Filip Gustavsson with a rebound.
3:39 of 3rd period - Wrist shot by Matt Read.
3:39 of 3rd period - Shot Misses the Net.
3:41 of 3rd period - Wrist shot by Matt Read.
3:41 of 3rd period - Goal by Matt Read - Seattle Thunderbirds : 3 - Rimouski Oceanic : 2.
3:42 of 3rd period - T.J. Tynan wins face-off versus Riley Barber in neutral zone.
4:12 of 3rd period - Wrist shot by Brett Sutter.
4:12 of 3rd period - Stopped by Filip Gustavsson with a rebound.
4:14 of 3rd period - Snap shot by Emil Pettersson.
4:14 of 3rd period - Goal by Emil Pettersson - Seattle Thunderbirds : 4 - Rimouski Oceanic : 2.
4:15 of 3rd period - Ben Sexton wins face-off versus Matt Read in neutral zone.
4:39 of 3rd period - Minor Penalty to Sam Carrick for Roughing.
4:40 of 3rd period - Riley Barber wins face-off versus Steve Bernier in Seattle Thunderbirds zone.
5:09 of 3rd period - Backhand shot by Connor Carrick.
5:09 of 3rd period - Goal by Connor Carrick - Seattle Thunderbirds : 4 - Rimouski Oceanic : 3.
5:10 of 3rd period - Deven Sideroff wins face-off versus T.J. Tynan in neutral zone.
5:13 of 3rd period - Snap shot by Taylor Fedun.
5:13 of 3rd period - Deflect By Riley Barber.
5:13 of 3rd period - Shot Blocked by Matt Read.
5:13 of 3rd period - Puck is out of play.
5:14 of 3rd period - Matt Read wins face-off versus Riley Barber in Seattle Thunderbirds zone.
5:50 of 3rd period - 10 Minutes Misconduct Penalty to Matt Tennyson is over.
6:01 of 3rd period - Wrist shot by Brett Sutter.
6:01 of 3rd period - Shot Blocked by Ryan MacInnis.
6:07 of 3rd period - Slapshot by Taylor Fedun.
6:07 of 3rd period - Stopped by John Muse with a rebound.
6:09 of 3rd period - Snap shot by Felix Girard.
6:09 of 3rd period - Shot Blocked by Brooks Macek.
6:11 of 3rd period - Snap shot by Connor Carrick.
6:11 of 3rd period - Stopped by John Muse without a rebound.
6:12 of 3rd period - T.J. Tynan wins face-off versus Riley Barber in Seattle Thunderbirds zone.
6:12 of 3rd period - T.J. Tynan is hit by Ryan Dmowski.
6:57 of 3rd period - Kyle Capobianco is hit by Logan Brown and loses puck.
7:36 of 3rd period - Snap shot by Brooks Macek.
7:36 of 3rd period - Shot Misses the Net.
7:38 of 3rd period - Snap shot by Jacob MacDonald.
7:38 of 3rd period - Stopped by Filip Gustavsson with a rebound.
8:02 of 3rd period - Peter Cehlarik is hit by Jake Chelios and loses puck.
11:26 of 3rd period - Joey LaLeggia is hit by Grayson Downing and loses puck.
11:37 of 3rd period - Riley Barber is hit by Peter Cehlarik and loses puck.
14:06 of 3rd period - Icing by Brooks Macek.
14:07 of 3rd period - Steven Fogarty wins face-off versus Emil Pettersson in Seattle Thunderbirds zone.
14:08 of 3rd period - Snap shot by Deven Sideroff.
14:08 of 3rd period - Shot Misses the Net.
14:10 of 3rd period - Wrist shot by Grayson Downing.
14:10 of 3rd period - Shot Misses the Net.
14:12 of 3rd period - Wrist shot by Grayson Downing.
14:12 of 3rd period - Goal by Grayson Downing - Seattle Thunderbirds : 4 - Rimouski Oceanic : 4.
14:13 of 3rd period - Logan Brown wins face-off versus Riley Barber in neutral zone.
14:23 of 3rd period - Slapshot by Connor Carrick.
14:23 of 3rd period - Stopped by John Muse without a rebound.
14:24 of 3rd period - Sam Carrick wins face-off versus Riley Barber in Seattle Thunderbirds zone.
14:50 of 3rd period - Icing by Connor Carrick.
14:51 of 3rd period - Stefan Noesen wins face-off versus Ben Sexton in Rimouski Oceanic zone.
14:54 of 3rd period - Snap shot by Stefan Noesen.
14:54 of 3rd period - Deflect By T.J. Tynan.
14:54 of 3rd period - Shot Misses the Net.
14:54 of 3rd period - Puck is out of play.
14:55 of 3rd period - Ben Sexton wins face-off versus T.J. Tynan in Rimouski Oceanic zone.
14:55 of 3rd period - Ben Sexton is hit by T.J. Tynan.
15:34 of 3rd period - Snap shot by Matt Read.
15:34 of 3rd period - Shot Misses the Net.
15:36 of 3rd period - Snap shot by T.J. Tynan.
15:36 of 3rd period - Stopped by Filip Gustavsson without a rebound.
15:37 of 3rd period - Logan Brown wins face-off versus Riley Barber in Rimouski Oceanic zone.
15:44 of 3rd period - Snap shot by Peter Cehlarik.
15:44 of 3rd period - Deflect By Brooks Macek.
15:44 of 3rd period - Goal by Brooks Macek - Seattle Thunderbirds : 5 - Rimouski Oceanic : 4.
15:45 of 3rd period - Felix Girard wins face-off versus Logan Brown in neutral zone.
16:14 of 3rd period - Yannick Weber is hit by Connor Carrick and loses puck.
16:21 of 3rd period - Deven Sideroff is hit by Brett Sutter and loses puck.
16:38 of 3rd period - Wrist shot by T.J. Tynan.
16:38 of 3rd period - Shot Misses the Net.
18:28 of 3rd period - Deven Sideroff is hit by Steve Bernier and loses puck.
18:53 of 3rd period - Wrist shot by Ryan Dmowski.
18:53 of 3rd period - Stopped by John Muse with a rebound.
18:55 of 3rd period - Snap shot by Ryan Dmowski.
18:55 of 3rd period - Stopped by John Muse with a rebound.
18:57 of 3rd period - Snap shot by Steven Fogarty.
18:57 of 3rd period - Stopped by John Muse with a rebound.
18:59 of 3rd period - Snap shot by Jake Chelios.
18:59 of 3rd period - Deflect By Grayson Downing.
18:59 of 3rd period - Shot Misses the Net.
18:59 of 3rd period - Puck is out of play.
19:00 of 3rd period - Chris Dennis call a timeout for Rimouski Oceanic.
19:00 of 3rd period - Grayson Downing wins face-off versus Brooks Macek in Seattle Thunderbirds zone.
19:01 of 3rd period - Rimouski Oceanic, Filip Gustavsson is pulled from the net.
19:01 of 3rd period - Wrist shot by Ryan Dmowski.
19:01 of 3rd period - Stopped by John Muse with a rebound.
19:03 of 3rd period - Slapshot by Taylor Fedun.
19:03 of 3rd period - Goal by Taylor Fedun - Seattle Thunderbirds : 5 - Rimouski Oceanic : 5.
19:03 of 3rd period - Filip Gustavsson from Rimouski Oceanic was sent back in the game.
19:04 of 3rd period - Felix Girard wins face-off versus Logan Brown in neutral zone.
19:15 of 3rd period - Wrist shot by Riley Barber.
19:15 of 3rd period - Shot Blocked by Logan Brown.
19:17 of 3rd period - Wrist shot by Felix Girard.
19:17 of 3rd period - Shot Blocked by Yannick Weber.
19:19 of 3rd period - Snap shot by Connor Carrick.
19:19 of 3rd period - Stopped by John Muse with a rebound.
19:47 of 3rd period - Minor Penalty to Andreas Englund for High sticking.
19:48 of 3rd period - Riley Barber wins face-off versus Sam Carrick in Rimouski Oceanic zone.
19:53 of 3rd period - Slapshot by Taylor Fedun.
19:53 of 3rd period - Deflect By Jacob MacDonald.
19:53 of 3rd period - Stopped by John Muse with a rebound.
19:55 of 3rd period - Slapshot by Taylor Fedun.
19:55 of 3rd period - Stopped by John Muse without a rebound.
19:56 of 3rd period - Riley Barber wins face-off versus Sam Carrick in Seattle Thunderbirds zone.
19:59 of 3rd period - Wrist shot by Ben Sexton.
19:59 of 3rd period - Deflect By Riley Barber.
19:59 of 3rd period - Stopped by John Muse without a rebound.
Goals for this period are 3 for Seattle Thunderbirds vs 3 for Rimouski Oceanic.
Shots for this period are 8 for Seattle Thunderbirds vs 17 for Rimouski Oceanic.

Overtime #1


0:01 of 1st overtime period - Steve Bernier wins face-off versus Riley Barber in neutral zone.
0:06 of 1st overtime period - Slapshot by Jacob MacDonald.
0:06 of 1st overtime period - Shot Blocked by Riley Barber.
0:16 of 1st overtime period - Snap shot by Jacob Larsson.
0:16 of 1st overtime period - Stopped by Filip Gustavsson with a rebound.
0:28 of 1st overtime period - Slapshot by Jacob MacDonald.
0:28 of 1st overtime period - Shot Blocked by Connor Carrick.
0:43 of 1st overtime period - Icing by Yannick Weber.
0:44 of 1st overtime period - Brooks Macek wins face-off versus Tim Clifton in Seattle Thunderbirds zone.
1:47 of 1st overtime period - Penalty to Andreas Englund is over, Andreas Englund is back on ice.
1:49 of 1st overtime period - Wrist shot by Ben Sexton.
1:49 of 1st overtime period - Stopped by John Muse with a rebound.
2:12 of 1st overtime period - Ben Sexton is hit by Yannick Weber.
2:22 of 1st overtime period - Steve Bernier is hit by Andreas Englund and loses puck.
2:37 of 1st overtime period - Stefan Noesen is hit by Steven Fogarty and loses puck.
2:56 of 1st overtime period - Ben Sexton is hit by Peter Cehlarik and loses puck.
3:35 of 1st overtime period - Icing by Matt Irwin.
3:36 of 1st overtime period - Steve Bernier wins face-off versus Tim Clifton in Seattle Thunderbirds zone.
3:53 of 1st overtime period - Snap shot by Peter Cehlarik.
3:53 of 1st overtime period - Goal by Peter Cehlarik - Seattle Thunderbirds : 6 - Rimouski Oceanic : 5.
Goals for this period are 1 for Seattle Thunderbirds vs 0 for Rimouski Oceanic.
Shots for this period are 2 for Seattle Thunderbirds vs 1 for Rimouski Oceanic. Output by the SimonT Hockey Simulator (STHS) for Eric Tremblay - Original Page W3C HTML5 Valid
Hockey Simulator - Hockey Simulation - Hockey Manager